 Dungeon Crawl Stone Soup version 0.27-a0-34-gc18c9092ac (webtiles) character file.

Game seed: 14756032623105223181

14241 jestyr24 the Thaumaturge (level 12, -6/88 HPs)
             Began as a Formicid Conjurer on Jan 2, 2021.
             Was an Elder of Dithmenos.
             Mangled by a cane toad (13 damage)
             ... on level 1 of the Lair of Beasts on Jan 5, 2021.
             The game lasted 02:17:08 (16397 turns).

jestyr24 the Thaumaturge (Formicid Conjurer)       Turns: 16397, Time: 02:17:08

Health: -6/88      AC: 15    Str: 22    XL:     12   Next: 42%
Magic:  16/25      EV: 12    Int: 22    God:    Dithmenos [****..]
Gold:   826        SH: 10    Dex: 10    Spells: 15/30 levels left

rFire    . . .     SeeInvis +   V - +10 hand axe "Lampe" {flame, Str+4}
rCold    . . .     Faith    .   C - +0 buckler
rNeg     . . .     Spirit   .   w - +5 steam dragon scales
rPois    .         Reflect  +   (helmet unavailable)
rElec    .         Harm     .   g - +0 cloak
rCorr    .         Rampage  .   P - +2 pair of gloves
Will     +....                  u - +0 pair of boots
Stlth    +++++.....             I - amulet of reflection (curse)
HPRegen  0.24/turn              i - ring of wizardry
MPRegen  0.19/turn              A - +6 ring of strength

@: lethally poisoned (-6 -> -9), marked, wreathed by umbra
A: permanent stasis, dig shafts and tunnels, four strong arms, antennae 3
a: Dig, Shaft Self, Renounce Religion, Shadow Step


You were on level 1 of the Lair of Beasts.
You worshipped Dithmenos.
Dithmenos was greatly pleased with you.
You visited 2 branches of the dungeon, and saw 11 of its levels.
You also visited: Ossuary and Bailey.

You collected 826 gold pieces.

Inventory:

Hand Weapons
 E - a +2 flail of protection
 L - a +0 lajatang
 Q - a cursed +1 vampiric short sword
 S - a +5 short sword of venom
 V - the +10 hand axe "Lampe" (weapon) {flame, Str+4}
   (You found it on level 9 of the Dungeon)

   It has been specially enchanted to burn those struck by it, causing extra
   injury to most foes and up to half again as much damage against particularly
   susceptible opponents.
   Big, fiery blades are also staple armaments of hydra-hunters.
   It affects your strength (+4).
 X - a +2 demon trident of venom
Missiles
 f - 255 stones
 o - 8 silver boomerangs
 q - 36 boomerangs (quivered)
 v - 20 atropa-tipped darts
 D - 10 poisoned darts
Armour
 g - a +0 cloak (worn)
 j - a +0 tower shield
 u - a +0 pair of boots (worn)
 w - +5 steam dragon scales (worn)
 C - a +0 buckler (worn)
 P - a +2 pair of gloves (worn)
Jewellery
 i - a ring of wizardry (left hand)
 x - an uncursed ring of protection from cold
 A - a +6 ring of strength (right hand)
 H - an uncursed ring of ice
 I - a cursed amulet of reflection (around neck)
 J - an uncursed ring of resist corrosion
Wands
 b - a wand of polymorph (6)
 F - a wand of disintegration (21)
 K - a wand of acid (21)
 M - a wand of iceblast (16)
 T - a wand of enslavement (7)
 U - a wand of random effects (15)
Scrolls
 c - 6 scrolls of immolation
 e - 14 scrolls of identify
 l - a scroll of fear
 r - 2 scrolls of fog
 s - 5 scrolls of remove curse
 y - 4 scrolls of amnesia
 B - a scroll of enchant armour
 N - 2 scrolls of vulnerability
Potions
 a - a potion of lignification {unknown}
 d - 3 potions of curing
 h - a potion of mutation {unknown}
 k - a potion of heal wounds
 m - 2 potions of flight
 n - a potion of brilliance
 p - a potion of ambrosia {unknown}
 t - 2 potions of might
 z - 2 potions of cancellation {unknown}
 G - 2 potions of resistance
 W - a potion of haste {unknown}
 Y - a potion of experience {unknown}


   Skills:
 - Level 6.3 Fighting
 - Level 4.2 Short Blades
 - Level 5.6 Axes
 - Level 2.1 Throwing
 - Level 2.3 Armour
 - Level 2.0 Dodging
 - Level 7.6 Stealth
 - Level 5.2 Shields
 * Level 9.6 Spellcasting
 * Level 8.6 Conjurations
 + Level 8.3 Hexes
 + Level 2.8 Transmutations
 + Level 3.3 Poison Magic
 + Level 0.5 Evocations


You had 15 spell levels left.
You knew the following spells:

 Your Spells              Type           Power        Failure   Level
a - Magic Dart            Conj           100%         1%          1
b - Searing Ray           Conj           96%          1%          2
c - Fulminant Prism       Conj/Hex       24%          1%          4
d - Sting                 Tmut/Pois      96%          1%          1
e - Ignite Poison         Fire/Tmut/Pois 19%          3%          3
f - Olgreb's Toxic Radia  Pois           25%          6%          4

Your spell library contained the following spells:

 Spells                   Type           Power        Failure   Level
 Foxfire                  Conj/Fire      100%         1%          1
 Poisonous Vapours        Pois/Air       36%          1%          2
 Confusing Touch          Hex            47%          1%          3
 Dazzling Flash           Conj/Hex       96%          1%          3
 Inner Flame              Hex/Fire       28%          1%          3
 Mephitic Cloud           Conj/Pois/Air  28%          1%          3
 Iskenderun's Mystic Bla  Conj/Tloc      29%          4%          4
 Sticky Flame             Conj/Fire      29%          4%          4
 Yara's Violent Unravell  Hex/Tmut       17%          7%          5
 Gell's Gravitas          Tloc           5%           8%          3
 Fireball                 Conj/Fire      14%          12%         5
 Metabolic Englaciation   Hex/Ice        14%          13%         5
 Petrify                  Tmut/Erth      16%          14%         4
 Bolt of Magma            Conj/Fire/Erth 11%          21%         5
 Animate Dead             Necr           5%           26%         4
 Borgnjor's Vile Clutch   Necr/Erth      5%           54%         5
 Eringya's Noxious Bog    Tmut/Pois      12%          69%         6
 Death Channel            Necr           5%           98%         6
 Simulacrum               Ice/Necr       5%           98%         6


Dungeon Overview and Level Annotations

Branches:
Dungeon (10/15)            Temple (0/1) D:6            Lair (1/6) D:10
Ossuary (visited)          Bailey (visited)
    Orc: D:9-12

Altars:
Dithmenos
Fedhas
Gozag
Okawaru
Qazlal
Ru
Xom
Yredelemnul
The Shining One

Shops:
D:7 (   D:8 **}   D:9 *

Annotations:
D:3 2 transporters, quinnr's ghost, amateur DsGl
D:6 2 transporters, Demosthentine's ghost, novice FoFi


Innate Abilities, Weirdness & Mutations

You cannot be hasted, slowed, berserked, paralysed or teleported.
You can dig through walls and to a lower floor.
Your four strong arms can wield two-handed weapons with a shield.
You have a pair of large antennae on your head. (SInv)


Message History

The rime drake breathes ice at you. The flash freeze hits you!
* * * LOW HITPOINT WARNING * * *
You are encased in ice.
Really read the scroll of immolation?
As you read the scroll of immolation, it crumbles to dust.
The creatures around you are filled with an inner flame!
You feel sick. You block the cane toad's attack.
The ice encasing you melts away.
You feel sick. The cane toad stings you!
* * * LOW HITPOINT WARNING * * *
You feel sick.
Casting: Fulminant Prism (mildly dangerous; 1% risk of failure)
Confirm with . or Enter, or press ? or * to list all spells.
Aiming: Fulminant Prism (mildly dangerous; 1% risk of failure)
Press: ? - help, Dir - move target You conjure a prism of explosive energy!
A fulminant prism comes into view.
The cane toad barely misses you. The cane toad stings you!
You die...

### #.# ###..##.# .
.{......## . ###
##.##..#.###.# #.
..## ## #..#.(...# #.
##..####.###....###.#
##.##....{Y{......#.#
#...#..########Y#...#
#.........(@Fk...#.#
###..######*######.#
#.## ### #.# #.## #.#
#####..# .# ..##.##
#.##†# ####.##@#
##.......#


You could see a yak, a cane toad (inner flame), a rime drake (inner flame,
catching breath) and a friendly fulminant prism.

Vanquished Creatures
  An orc warlord (Bailey)
  Harold (Lair:1)
  3 hydras (Lair:1)
  A two-headed ogre (D:10)
  The ghost of Copingsaw the Covert, a novice OpFi of Cheibriados (D:9)
  Pikel (D:7)
  A manticore (D:10)
  A black mamba (Lair:1)
  A polar bear (Lair:1)
  Prince Ribbit (D:8)
  Sigmund (D:4)
  A basilisk (D:10)
  2 wyverns (D:10)
  9 yaks
  Edmund (D:4)
  A steam dragon (D:10)
  Duvessa (D:7)
  7 water moccasins
  5 orc warriors
  2 black bears
  3 ice beasts
  A sky beast (D:8)
  An eye of draining (D:10)
  A necrophage (D:7)
  5 ogres
  4 centaurs
  A lemure (D:7)
  An elf zombie (Ossuary)
  6 bullfrogs
  A gnoll sergeant (D:7)
  Dowan (D:7)
  2 scorpions (D:10)
  A killer bee (D:10)
  13 wights
  An electric eel (Lair:1)
  2 howler monkeys
  3 centaur zombies
  5 hounds
  A bullfrog zombie (D:9)
  A gnoll shaman (D:4)
  3 jellies
  6 orc wizards
  2 orc priests (D:6)
  A human zombie (Ossuary)
  A bullfrog skeleton (D:5)
  A centaur skeleton (D:9)
  4 iguanas (D:10)
  8 worker ants
  5 big kobold zombies (Ossuary)
  4 hound skeletons
  3 mummies (Ossuary)
  9 gnolls
  11 adders
  4 white imps
  3 ufetubi
  An ooze (D:2)
  3 worms
  2 adder skeletons
  7 adder zombies
  4 dart slugs
  4 leopard geckos
  22 orcs
  5 giant cockroaches
  11 goblins
  14 hobgoblins
  8 jackals
  22 kobolds
  5 quokkas
  A ball python (D:1)
  5 bats
  5 frilled lizards
  5 goblin zombies (Ossuary)
  2 hobgoblin zombies (Ossuary)
  4 jackal zombies (Ossuary)
  2 kobold zombies (Ossuary)
  A leopard gecko skeleton (D:5)
  2 leopard gecko zombies
  A quokka skeleton (D:5)
  3 quokka zombies (Ossuary)
  6 rats
  2 rat zombies (Ossuary)
  2 bushes (D:8)
  A fulminant prism (D:10)
311 creatures vanquished.

Vanquished Creatures (others)
  68 fulminant prisms
  6 fungi
  30 plants
104 creatures vanquished.

Grand Total: 415 creatures vanquished

Notes
Turn   | Place    | Note
-------+----------+-------------------------------------------
     0 | D:1      | jestyr24 the Formicid Conjurer began the quest for the Orb.
     0 | D:1      | Reached XP level 1. HP: 13/13 MP: 3/3
   328 | D:1      | Reached XP level 2. HP: 19/19 MP: 0/5
   662 | D:1      | Learned a level 2 spell: Searing Ray
   777 | D:1      | Reached XP level 3. HP: 23/25 MP: 1/6
  1587 | D:2      | Reached skill level 1 in Fighting
  1587 | D:2      | Reached XP level 4. HP: 30/32 MP: 3/7
  1592 | D:2      | Learned a level 4 spell: Fulminant Prism
  1878 | D:2      | Reached skill level 1 in Shields
  2763 | D:3      | Found a shadowy altar of Dithmenos.
  2769 | D:3      | Reached skill level 1 in Armour
  2769 | D:3      | Reached skill level 1 in Hexes
  2769 | D:3      | Reached XP level 5. HP: 33/37 MP: 1/9
  2909 | D:3      | Found a transporter.
  2910 | D:3      | Noticed quinnr's ghost (amateur DsGl)
  2910 | D:3      | Noticed an ogre
  2912 | D:3      | Noticed an ogre
  2916 | D:3      | Found a transporter.
  3288 | D:3      | Reached skill level 3 in Spellcasting
  3288 | D:3      | Reached XP level 6. HP: 37/43 MP: 6/10
  3975 | D:3      | Became a worshipper of Dithmenos the Shadowed
  4191 | D:4      | Noticed Edmund
  4472 | D:4      | Reached XP level 7. HP: 20/48 MP: 0/11
  4778 | D:4      | Found a sand-covered staircase.
  4783 | D:4      | Noticed Sigmund
  4787 | Ossuary  | Entered an ossuary
  5072 | Ossuary  | Reached * piety under Dithmenos
  5091 | Ossuary  | Reached skill level 5 in Shields
  5891 | D:4      | Killed Sigmund
  5892 | D:4      | Reached skill level 5 in Conjurations
  5892 | D:4      | Reached XP level 8. HP: 39/57 MP: 3/13
  5896 | D:4      | Reached skill level 4 in Spellcasting
  5902 | D:4      | Killed Edmund
  6740 | D:5      | Entered Level 5 of the Dungeon
  6934 | D:5      | Found an iron altar of Okawaru.
  7743 | D:6      | Reached skill level 1 in Throwing
  7902 | D:6      | Reached XP level 9. HP: 65/65 MP: 10/16
  8101 | D:6      | Reached skill level 5 in Spellcasting
  8210 | D:6      | Identified the +1 ring mail of Sunlight {*Slow +Inv Int+4}
  8214 | D:6      | Reached skill level 5 in Hexes
  8216 | D:6      | Reached ** piety under Dithmenos
  8897 | D:6      | Found a staircase to the Ecumenical Temple.
  9032 | D:6      | Found a transporter.
  9033 | D:6      | Found a transporter.
  9039 | D:6      | Noticed Demosthentine's ghost (novice FoFi)
  9041 | D:6      | Identified the +5 dire flail of Ashenzari's Envy {freeze,
                  | *Slow rF+ Will+ Dex+4}
  9041 | D:6      | Noticed a two-headed ogre
  9153 | D:6      | Found a sacrificial altar of Ru.
  9201 | D:7      | Noticed Duvessa
  9201 | D:7      | Noticed Dowan
  9506 | D:7      | Found Puzuphuu's Antique Weapon Shoppe.
  9716 | D:7      | Noticed Pikel
  9725 | D:7      | Killed Pikel
  9726 | D:7      | Reached skill level 5 in Stealth
  9726 | D:7      | Reached skill level 6 in Spellcasting
  9726 | D:7      | Reached XP level 10. HP: 67/73 MP: 8/19
  9919 | D:7      | Reached skill level 5 in Fighting
 10117 | D:7      | Killed Duvessa
 10138 | D:7      | Killed Dowan
 10651 | D:8      | Reached skill level 1 in Short Blades
 10831 | D:8      | Found a stormy altar of Qazlal.
 11220 | D:8      | Found Zytot's Gadget Boutique.
 11253 | D:8      | Found a shadowy altar of Dithmenos.
 11256 | D:8      | Found a glowing golden altar of the Shining One.
 11262 | D:8      | Found an opulent altar of Gozag.
 11263 | D:8      | Found a basalt altar of Yredelemnul.
 11267 | D:8      | Found a shimmering altar of Xom.
 11345 | D:8      | Found Awuybeubuw's General Store.
 11376 | D:8      | Found Lyvoaxirro's Assorted Antiques.
 11416 | D:8      | Noticed Prince Ribbit
 11422 | D:8      | Killed Prince Ribbit
 11668 | D:8      | Found a blossoming altar of Fedhas.
 12177 | D:9      | Found Kughaff's General Store.
 12274 | D:9      | Reached *** piety under Dithmenos
 12295 | D:9      | Found a flagged portal.
 12306 | D:9      | Got a shimmering hand axe
 12309 | Bailey   | Entered a bailey
 12310 | Bailey   | Identified the +10 hand axe "Lampe" {flame, Str+4} (You
                  | found it on level 9 of the Dungeon)
 12337 | Bailey   | Noticed an orc warlord
 12396 | Bailey   | Reached skill level 1 in Axes
 12620 | Bailey   | Found a runed translucent gate.
 12622 | Bailey   | Found a runed translucent gate.
 12638 | Bailey   | Found a runed translucent gate.
 12665 | Bailey   | Killed an orc warlord
 12666 | Bailey   | Reached skill level 5 in Axes
 12666 | Bailey   | Reached XP level 11. HP: 24/81 MP: 1/20
 12997 | Bailey   | Identified a scroll of acquirement
 12997 | Bailey   | Acquired Listay's Catalogue of Toxic Ignition
 13490 | D:9      | Found a runed translucent door.
 13490 | D:9      | Noticed Copingsaw's ghost (novice OpFi)
 13503 | D:9      | Killed Copingsaw's ghost
 13591 | D:10     | Entered Level 10 of the Dungeon
 13749 | D:10     | Noticed a manticore
 13755 | D:10     | Killed a manticore
 13755 | D:10     | Reached **** piety under Dithmenos
 13756 | D:10     | Reached skill level 7 in Spellcasting
 14403 | D:10     | Learned a level 1 spell: Sting
 14587 | D:10     | Found a staircase to the Lair.
 14960 | D:10     | Found a sacrificial altar of Ru.
 15270 | D:10     | Noticed a two-headed ogre
 15280 | D:10     | Killed a two-headed ogre
 15281 | D:10     | Reached skill level 8 in Spellcasting
 15607 | D:10     | Upgraded the game from 0.27-a0-13-g87abb2d9eb to
                  | 0.27-a0-34-gc18c9092ac
 15644 | Lair:1   | Entered Level 1 of the Lair of Beasts
 15644 | Lair:1   | Noticed a six-headed hydra
 15656 | Lair:1   | Killed a six-headed hydra
 15657 | Lair:1   | Reached skill level 1 in Transmutations
 15657 | Lair:1   | Reached skill level 1 in Poison Magic
 15917 | Lair:1   | Reached XP level 12. HP: 72/88 MP: 10/24
 15928 | Lair:1   | Noticed a six-headed hydra
 15936 | Lair:1   | Killed a six-headed hydra
 16058 | Lair:1   | Learned a level 3 spell: Ignite Poison
 16063 | Lair:1   | Learned a level 4 spell: Olgreb's Toxic Radiance
 16154 | Lair:1   | Noticed a seven-headed hydra
 16163 | Lair:1   | Killed a seven-headed hydra
 16164 | Lair:1   | Reached skill level 9 in Spellcasting
 16351 | Lair:1   | Noticed Harold
 16384 | Lair:1   | Killed Harold
 16397 | Lair:1   | Mangled by a cane toad

Illustrated notes

Levels and vault maps discovered:
D:1:      dpeg_arrival_arbitrary_c, layout_rooms, corexii_hall_statues_s
D:2:      layout_basic, minmay_parallelograms
D:3:      layout_basic, gammafunk_ghost_smash, minivault_14,
          nrook_loot_triangle, nicolae_dithmenos_shadow_blocks
D:4:      layout_basic, nicolae_ossuary_entry_ruins, sigmund_edmund_badplayer
D:5:      lemuel_upstairs_altar, layout_cave_pools, kennysheep_little_box,
          corner_web_ring
D:6:      layout_gridville, nicolae_ru_the_path_less_chosen,
          minmay_temple_entry_grid, gammafunk_ghost_smash
D:7:      layout_rooms, serial_shops, shop, uniq_duvessa, uniq_pikel
D:8:      layout_basic, minitemple, nicolae_qazlal_general_emergency,
          fedhas_altar_1, serial_shops, shop, shop, nicolae_shop_crystal,
          minmay_hedge_maze, minmay_quadrilaterals, uniq_prince_ribbit1
D:9:      layout_loops_ring, serial_shops, shop, enter_bailey_2,
          gammafunk_ghost_grave
D:10:     layout_irregular_city, minmay_lair_entry_grove,
          serial_co_window_serial, co_window_paths_b, co_window_paths_b,
          co_window_of_opportunity_a, co_window_paths_b, co_window_corner_a,
          co_window_of_opportunity_a, co_window_cross_1,
          co_window_of_opportunity_a, co_window_paths_a, co_window_broadway_c,
          co_window_unsneaky_path_a, co_window_corner_cb,
          co_window_of_opportunity_c, glass_columns_a, glass_columns_a,
          basic_altar, lightli_corner_chamber
Lair:1:   layout_loops_ring, grunt_megastairs_4, serial_bayou_shore_a,
          uniq_harold

Skill      XL: |  1  2  3  4  5  6  7  8  9 10 11 12 |
---------------+-------------------------------------+-----
Dodging        | 2 |  2.0
Conjurations   | 4 5 6 8 |  8.6
Fighting       | 1 2 4 6 |  6.3
Stealth        | 3 5 7 |  7.6
Shields        | 1 3 5 |  5.2
Armour         | 1 2 |  2.3
Hexes          | 1 2 3 4 6 7 8 |  8.3
Spellcasting   | 3 4 6 8 9 |  9.6
Throwing       | 1 2 |  2.1
Short Blades   | 4 |  4.2
Axes           | 5 |  5.6
Transmutations | 1 2 |  2.8
Poison Magic   | 1 3 |  3.3
Evocations     | |  0.5

Action                   |  1- 3 |  4- 6 |  7- 9 | 10-12 || total
-------------------------+-------+-------+-------+-------++-------
Melee: Unarmed           |    15 |       |       |       ||    15
       Dagger            |     7 |       |       |       ||     7
       Short sword       |    27 |     6 |       |   142 ||   175
       Hand axe          |       |    40 |    91 |    80 ||   211
       Flail             |       |       |    75 |     5 ||    80
Throw: Dart              |       |     5 |       |       ||     5
       Boomerang         |       |       |    10 |     4 ||    14
 Cast: Magic Dart        |    27 |    21 |    15 |    32 ||    95
       Searing Ray       |    12 |    30 |    43 |    59 ||   144
       Fulminant Prism   |       |       |    14 |    56 ||    70
       Sting             |       |       |       |     4 ||     4
 Abil: Dig               |       |     1 |     8 |    15 ||    24
Evoke: Wand              |       |       |       |     2 ||     2
  Use: Scroll            |       |     8 |     3 |    17 ||    28
       Potion            |       |       |     2 |     8 ||    10
 Stab: Sleeping          |     2 |     1 |       |    12 ||    15
Armor: Robe              |     6 |     1 |    54 |    41 ||   102
       Leather armour    |    13 |    13 |       |       ||    26
       Steam dragon scal |       |       |       |    42 ||    42
Dodge: Dodged            |    41 |    52 |   160 |   120 ||   373
Block: Buckler           |       |       |    61 |   127 ||   188
       Reflection        |       |       |     3 |    11 ||    14

Table legend: (Time is in decaauts)
 A = Elapsed time spent in this place.
 B = Non-inter-level travel time spent in this place.
 C = Inter-level travel time spent in this place.
 D = Time resting spent in this place.
 E = Time spent auto-exploring this place.
 F = Levels seen in this place.
 G = Mean time per level.
                   A        B        C        D        E       F      G
               +--------+--------+--------+--------+--------+-----+--------+
         Total |  16491 |  16140 |    351 |   6064 |   5540 |  13 | 1268.5 |
       Dungeon |  14063 |  13718 |    345 |   4668 |   5380 |  10 | 1406.3 |
          Lair |    515 |    509 |      6 |    288 |     57 |   1 |  515.0 |
       Ossuary |   1118 |   1118 |      0 |    663 |     62 |   1 | 1118.0 |
        Bailey |    793 |    793 |      0 |    445 |     41 |   1 |  793.0 |
               +--------+--------+--------+--------+--------+-----+--------+

Top non-repeatable levels by time:
    D:10: 2215 daAuts
     D:4: 1739 daAuts
     D:6: 1666 daAuts
     D:8: 1443 daAuts
     D:3: 1440 daAuts
     D:1: 1328 daAuts
     D:2: 1277 daAuts
     D:7: 1212 daAuts
 Ossuary: 1118 daAuts
     D:5: 884 daAuts
     D:9: 855 daAuts
  Bailey: 793 daAuts
  Lair:1: 515 daAuts
